 Dungeon Crawl Stone Soup version 0.20.0-3-g22ec75f (webtiles) character file.

742 Peloso the Slasher (level 7, -2/61 HPs)
             Began as a Minotaur Fighter on May 27, 2017.
             Slain by an ogre
             ... wielding a +0 giant club
              (21 damage)
             ... on level 4 of the Dungeon.
             The game lasted 00:10:40 (4475 turns).

Peloso the Slasher (Minotaur Fighter)               Turns: 4475, Time: 00:10:41

Health: -2/61      AC:  7    Str: 21    XL:     7   Next: 47%
Magic:  6/6        EV:  8    Int:  9    God:
Gold:   136        SH: 11    Dex: 11    Spells: 6/6 levels left

rFire    . . .     SeeInvis .   a - +0 long sword
rCold    . . .     Gourm    .   c - +1 shield
rNeg     . . .     Faith    .   b - +0 scale mail
rPois    .         Spirit   .   (helmet restricted)
rElec    .         Reflect  .   (no cloak)
rCorr    .         Harm     .   (no gloves)
MR       .....                  (no boots)
Stlth    ..........             (no amulet)
Regen    0.2/turn               y - +4 ring of intelligence
MPRegen  0.1/turn               (no ring)

@: no status effects
A: retaliatory headbutt, horns 2
a: no special abilities


You were on level 4 of the Dungeon.
You were not hungry.

You visited 1 branch of the dungeon, and saw 4 of its levels.
You also visited: Ossuary.

You collected 136 gold pieces.

Inventory:

Hand Weapons
 a - a +0 long sword (weapon)
Armour
 b - a +0 scale mail (worn)
 c - a +1 shield (worn)
Jewellery
 t - an uncursed amulet of harm
 y - a +4 ring of intelligence (left hand)
Wands
 w - a wand of random effects (25/48)
Scrolls
 h - 2 scrolls of fog
 i - 10 scrolls of identify
 k - 3 scrolls of enchant armour
 l - 2 scrolls of magic mapping
 m - 3 scrolls of enchant weapon {unknown}
 o - 7 scrolls of remove curse {unknown}
 r - 3 scrolls of teleportation {unknown}
 s - a scroll of blinking {unknown}
 v - a scroll of immolation {unknown}
 A - a scroll of amnesia {unknown}
Potions
 d - a potion of might
 e - a potion of haste
 n - a potion of brilliance {unknown}
 p - a potion of berserk rage {unknown}
 q - 2 potions of ambrosia {unknown}
 u - 2 potions of magic {unknown}
 x - a potion of cancellation {unknown}
 z - a potion of heal wounds {unknown}
Comestibles
 f - 4 bread rations
 g - 2 royal jellies
 j - 4 meat rations


   Skills:
 + Level 5.5 Fighting
 + Level 6.1 Long Blades
 + Level 5.9 Armour
 + Level 1.9 Dodging
 + Level 0.1 Stealth
 + Level 5.8 Shields


You had 6 spell levels left.
You didn't know any spells.

Dungeon Overview and Level Annotations

Branches:
Dungeon (4/15)
 Temple: D:4-7

Altars:
Dithmenos
Fedhas
Gozag
Hepliaklqana
Kikubaaqudgha
Makhleb
Qazlal
Ru
Vehumet
Yredelemnul

Annotations:
D:2 2 transporters


Innate Abilities, Weirdness & Mutations

You reflexively headbutt those who attack you in melee.
You have a pair of horns on your head.


Message History

You now have 136 gold pieces (gained 8).
An ogre comes into view. It is wielding a giant club.
Okay, then.
Your shield and scale mail prevent you from hitting the ogre.
You headbutt the ogre, but do no damage.
You block the ogre's attack.
You hit the ogre. You headbutt the ogre.
The ogre is heavily wounded.
You block the ogre's attack.
Your shield prevents you from hitting the ogre.
The ogre is heavily wounded.
The ogre hits you with a giant club!
You hit the ogre. You headbutt the ogre!
The ogre is almost dead.
The ogre hits you with a giant club!!
You hear a bark!
You hit the ogre.
The ogre is almost dead.
The ogre hits you with a giant club!!
You die...

....# *,*,*******,*,** *, ....#
*,..,,,,,,,,*,* ** .#<##
*#.#*******,,,* .#.# #.# *,*+***
...# #.# ***,,,,,** .### #.##
*,,,≈≈,,,* .## #..## *,≈,*≈,≈,**
*
..###########...####,≈,≈,≈≈,,****
................@O.+,,≈≈≈≈≈,,+,,,
...≈≈≈.######...###..≈≈≈≈,≈,,****
...≈≈≈≈# ####..## *,..≈≈≈≈≈,,* *
..≈≈_.≈# #......# ***O.≈≈≈≈,,*
..≈.≈≈.# #.##.#.# *,≈≈≈≈≈≈,,*
..≈≈..≈# #.##.#.# *,,≈.≈≈≈,**
.###..## #......# **,*≈≈≈***
..,..## ##....#.# *,,,.♣,,*
,***** #.......# **##.##**


You could see an ogre.

Vanquished Creatures
  An ogre (D:4)
  A scorpion (D:4)
  A hound (D:4)
  An orc priest (D:2)
  An orc wizard (D:2)
  An iguana (D:4)
  A worker ant (D:4)
  Natasha (twice) (D:4)
  7 big kobold zombies (Ossuary)
  2 mummies
  3 gnolls (D:4)
  9 adders
  A river rat (D:4)
  8 worms
  A dart slug (D:2)
  2 leopard geckos
  4 orcs (D:3)
  2 spectral bats (Ossuary)
  8 bats
  5 giant cockroaches
  5 gnoll zombies (Ossuary)
  7 goblins
  9 hobgoblins
  4 jackals (D:4)
  2 quokkas (D:2)
  3 bat simulacra (Ossuary)
  6 frilled lizards
  2 goblin simulacra (Ossuary)
  6 goblin zombies
  3 hobgoblin zombies (Ossuary)
  6 kobolds
  5 kobold simulacra (Ossuary)
  4 kobold zombies (Ossuary)
  6 orc zombies (Ossuary)
  4 rats
  3 rat simulacra (Ossuary)
  2 spectral goblins (Ossuary)
  3 spectral kobolds (Ossuary)
  A spectral orc (D:3)
  6 spectral rats (Ossuary)
148 creatures vanquished.

Notes
Turn   | Place    | Note
-------+----------+-------------------------------------------
     0 | D:1      | Peloso the Minotaur Fighter began the quest for the Orb.
     0 | D:1      | Reached XP level 1. HP: 19/19 MP: 0/0
   242 | D:1      | Reached XP level 2. HP: 26/27 MP: 1/1
   667 | D:1      | You fall through a shaft!
   671 | D:2      | Found an opulent altar of Gozag.
   888 | D:2      | Found an ancient bone altar of Kikubaaqudgha.
   903 | D:2      | Found a sacrificial altar of Ru.
   905 | D:2      | Noticed a black bear
   908 | D:2      | Noticed a sky beast
   918 | D:2      | Reached XP level 3. HP: 28/33 MP: 2/2
   984 | D:2      | Reached skill level 3 in Long Blades
  1049 | D:2      | Found a radiant altar of Vehumet.
  1049 | D:2      | Found a burning altar of Makhleb.
  1100 | D:2      | Found a hazy altar of Hepliaklqana.
  1129 | D:2      | Reached XP level 4. HP: 37/41 MP: 3/3
  1280 | D:2      | Found a stormy altar of Qazlal.
  2023 | D:2      | Reached XP level 5. HP: 13/47 MP: 4/4
  2229 | D:3      | Reached skill level 5 in Armour
  2331 | D:3      | Found a basalt altar of Yredelemnul.
  2628 | D:4      | Found a shadowy altar of Dithmenos.
  2683 | D:4      | Reached skill level 1 in Dodging
  2698 | D:4      | Found a sand-covered staircase.
  2701 | D:4      | Reached skill level 4 in Long Blades
  2704 | Ossuary  | Entered an ossuary
  2832 | Ossuary  | Reached XP level 6. HP: 48/53 MP: 5/5
  2857 | Ossuary  | Reached skill level 5 in Shields
  3169 | Ossuary  | Reached skill level 5 in Long Blades
  3258 | D:4      | Noticed Natasha
  3263 | D:4      | Killed Natasha
  3263 | D:4      | Reached skill level 5 in Fighting
  3537 | D:4      | Reached XP level 7. HP: 51/61 MP: 6/6
  3654 | D:4      | Noticed Natasha
  3658 | D:4      | Killed Natasha
  4134 | D:4      | Reached skill level 6 in Long Blades
  4136 | D:4      | Found a blossoming altar of Fedhas.
  4475 | D:4      | Slain by an ogre

Skill      XL: |  1  2  3  4  5  6  7 |
---------------+----------------------+-----
Fighting       | 4 5 |  5.5
Armour         | 4 5 |  5.9
Shields        | 4 5 |  5.8
Long Blades    | 3 4 5 6 |  6.1
Dodging        | 1 |  1.9
Stealth        | |  0.1

Action                   |  1- 3 |  4- 6 |  7- 9 || total
-------------------------+-------+-------+-------++-------
Melee: Long sword        |    93 |   296 |    48 ||   437
       Headbutt          |    10 |    58 |    11 ||    79
  Use: Scroll            |       |     4 |       ||     4
  Eat: Chunk             |     1 |     6 |     3 ||    10
       Royal jelly       |       |     1 |       ||     1
Armor: Scale mail        |    43 |   103 |    14 ||   160
Dodge: Dodged            |    24 |    72 |     7 ||   103
Block: Shield            |    45 |   117 |    27 ||   189
       Rpst.: Long sword |     6 |    19 |     3 ||    28
